 Dungeon Crawl Stone Soup version 0.29.1-1-gd02db6906a (webtiles) character file.

Game seed: 16069876380822191785

2 H0rd4k the Charlatan (level 1, 0/15 HPs)
             Began as a Human Artificer on Sept 23, 2022.
             Slain by a kobold
             ... wielding a +0 short sword
              (2 damage)
             ... on level 1 of the Dungeon.
             The game lasted 00:00:08 (98 turns).

H0rd4k the Charlatan (Human Artificer)                Turns: 98, Time: 00:00:09

Health: 0/15       AC:  3    Str: 12    XL:     1   Next: 44%
Magic:  1/1        EV: 11    Int: 11    God:
Gold:   0          SH:  0    Dex: 13    Spells: 0/0 levels left

rFire   . . .      SeeInvis .   a - +0 club
rCold   . . .      Faith    .   (no shield)
rNeg    . . .      Spirit   .   b - +0 leather armour
rPois   .          Reflect  .   (no helmet)
rElec   .          Harm     .   (no cloak)
rCorr   .          Rampage  .   (no gloves)
Will    .....                   (no boots)
Stlth   +.........              (no amulet)
HPRegen 0.05/turn               (no ring)
MPRegen 0.07/turn               (no ring)

@: no status effects
A: no striking features
a: no special abilities


You were on level 1 of the Dungeon.
You visited 1 branch of the dungeon, and saw 1 of its levels.

Inventory:

Hand Weapons
 a - a +0 club (weapon)
Armour
 b - a +0 leather armour (worn)
Wands
 c - a wand of flame (15) (quivered)
 d - a wand of charming (15)
 e - a wand of iceblast (5)


   Skills:
 + Level 1.1 Fighting
 + Level 0.1 Maces & Flails
 - Level 2.0 Armour
 + Level 1.2 Dodging
 - Level 1.0 Stealth
 - Level 3.0 Evocations


You couldn't memorise any spells.
You didn't know any spells.
Your spell library was empty.

Dungeon Overview and Level Annotations

Branches:
Dungeon (1/15)

Altars:


Message History

Found a stone staircase leading down.
The kobold shouts!
You see here 11 gold pieces.
You hit the kobold but do no damage. The kobold hits you but does no damage.
The kobold closely misses you.
A kobold is nearby!
You miss the kobold. The kobold hits you but does no damage.
A kobold comes into view. It is wielding a +0 short sword.
There are monsters nearby!
You barely miss the kobold.
The kobold shouts!
Your punch misses the kobold.
The kobold throws a stone.
The stone hits you but does no damage. The kobold hits you with a +0 dagger.
There are monsters nearby!
You closely miss the kobold. The kobold hits you but does no damage.
The kobold throws a stone.
The stone closely misses you. The kobold hits you with a +0 dagger.
You closely miss the kobold. The kobold hits you but does no damage.
You hit the kobold.
The kobold is severely wounded.
The kobold closely misses you.
You hit the kobold.
You kill the kobold!
The kobold throws a stone.
The stone hits you.
The kobold hits you with a +0 short sword.
Things that are here:
a +0 dagger; a kobold corpse You closely miss the kobold.
The kobold hits you with a +0 short sword.
* * * LOW HITPOINT WARNING * * *
The kobold hits you with a +0 short sword.
* * * LOW HITPOINT WARNING * * *
You completely miss the kobold. The kobold barely misses you.
You closely miss the kobold.
The kobold hits you with a +0 short sword.
* * * LOW HITPOINT WARNING * * *
You hit the kobold.
The kobold is heavily wounded.
The kobold hits you with a +0 short sword.
You die...

#.# #.# #.# #.#
#.# #.# #.#
#.#####.####
#.##..... .#
#.##.##.# .#
#.##.##.##.####.#
#..@K....$......#
####.##.##.#.....
#.##.# ># ###
#..... .#
####.#### ..# ..#
..#


You could see a kobold.

Vanquished Creatures
  A kobold (D:1)
  A ball python (D:1)
  A bat (D:1)
3 creatures vanquished.

Notes
Turn   | Place    | Note
-------+----------+-------------------------------------------
     0 | D:1      | H0rd4k the Human Artificer began the quest for the Orb.
     0 | D:1      | Reached XP level 1. HP: 15/15 MP: 1/1
    98 | D:1      | Slain by a kobold

Illustrated notes

Levels and vault maps discovered:
D:1:      roderic_dead_forest, layout_loops_ring,
          shapermc_ecumenical_altar_flowoftime, serial_aquarium,
          aquarium_bridge_long_separate [aquarium_subvault_wall,
          aquarium_subvault_balcony, aquarium_subvault_bridge,
          aquarium_subvault_wall, aquarium_subvault_bridge,
          aquarium_subvault_bridge], aquarium_window_1, aquarium_window_corner,
          aquarium_view_2b, aquarium_balcony_double_1

Action                   || total
-------------------------++-------
Melee: Club              ||    17
Armor: Leather armour    ||     8
Dodge: Dodged            ||    12
